 Dungeon Crawl Stone Soup version 0.28-a0-1235-g7c8fac35f0 (webtiles) character file.

Game seed: 2951160031679467691

112 r3xj the Covered (level 4, -2/41 HPs)
             Began as a Minotaur Fighter on Dec 24, 2021.
             Killed from afar by Sigmund (13 damage)
             ... with a puff of flame
             ... on level 3 of the Dungeon.
             The game lasted 00:04:33 (2123 turns).

r3xj the Covered (Minotaur Fighter)                 Turns: 2123, Time: 00:04:33

Health: -2/41      AC:  7    Str: 23    XL:     4   Next: 63%
Magic:  3/3        EV:  9    Int:  5    God:
Gold:   129        SH:  4    Dex:  9    Spells: 3/3 levels left

rFire   . . .      SeeInvis .   n - +1 whip (vamp)
rCold   + . .      Faith    +   c - +0 buckler
rNeg    . . .      Spirit   .   b - +0 scale mail
rPois   .          Reflect  .   (helmet restricted)
rElec   .          Harm     .   (no cloak)
rCorr   .          Rampage  .   (no gloves)
Will    .....                   (no boots)
Stlth   ..........              g - amulet of faith
HPRegen 0.13/turn               i - ring of protection from cold
MPRegen 0.08/turn               (no ring)

@: no status effects
A: horns 2, retaliatory headbutt
a: no special abilities


You were on level 3 of the Dungeon.
You visited 1 branch of the dungeon, and saw 3 of its levels.

You collected 129 gold pieces.

Inventory:

Hand Weapons
 a - a +0 war axe
 n - a +1 vampiric whip (weapon)
Missiles
 m - 15 poisoned darts (quivered)
Armour
 b - a +0 scale mail (worn)
 c - a +0 buckler (worn)
Jewellery
 g - an amulet of faith (around neck)
 i - a ring of protection from cold (left hand)
Scrolls
 f - a scroll of amnesia {unknown}
 h - 2 scrolls of identify {unknown}
 j - 2 scrolls of teleportation {unknown}
 k - a scroll of torment {unknown}
Potions
 d - 3 potions of might
 e - a potion of curing {unknown}
 l - a potion of flight {unknown}


   Skills:
 + Level 4.5 Fighting
 - Level 3.5 Axes
 + Level 0.6(2.2) Maces & Flails
 + Level 4.6 Armour
 - Level 4.4 Shields


You had 3 spell levels left.
You didn't know any spells.
Your spell library contained the following spells:

 Spells                   Type           Power      Damage    Failure   Level
 Animate Dead             Necr           0%         N/A       100%        4
 Haunt                    Necr/Summ      0%         N/A       100%        7
 Infestation              Necr           0%         N/A       100%        8


Dungeon Overview and Level Annotations

Branches:
Dungeon (3/15)

Altars:
Xom

Shops:
D:1 (*   D:3 (

Annotations:
D:3 Sigmund


Innate Abilities, Weirdness & Mutations

You have a pair of horns on your head.
You reflexively headbutt those who attack you in melee.


Message History

Sigmund is nearby!
Sigmund hits you but does no damage.
There is a shimmering altar of Xom here.
Sigmund is nearby!
You hit Sigmund.
Sigmund is lightly wounded.
Sigmund is nearby!
You closely miss Sigmund. Your headbutt misses Sigmund.
Sigmund is lightly wounded.
Sigmund casts a spell.
Sigmund flickers and vanishes!
Deactivating autopickup; reactivate with Ctrl-A.
There is a strange disturbance nearby!
No target in view!
There is a strange disturbance nearby!
No target in view!
There is a strange disturbance nearby!
No target in view!
There is a strange disturbance nearby!
No target in view!
There is a strange disturbance nearby!
No target in view!
You closely miss something. Your headbutt misses something. Something hits you.
You hit something. You headbutt something! Something hits you.
You whack something!
You feel better.
You closely miss something. Something hits you!
You miss something. Something hits you but does no damage.
You hit something.
You feel better.
You hit something. Your headbutt misses something. Something hits you!
You closely miss something. Something hits you but does no damage.
You miss something. You hit something.
You feel better. Something hits you.
You closely miss something. Something hits you!
* * * LOW HITPOINT WARNING * * *
You miss something. Your headbutt misses something. You miss something.
You hear some strange, mumbled words.
A puff of flame appears from out of thin air!
The puff of flame hits you!
You die...

#.......)#
#.######.######### #.
#.........# #.
#########.# #. #.# #.
#.# #. #.# #{## #.#
##♣.@## #.# ##....≈##
#.# #..^≈^..# #†#
#._#_...##### #†##
#.⌠.^._.._⌠...# #...
#.#...≈.♣.###∩# #..#
) #≈§≈....#
#.#######..#
##^♣^≈^##
#.#........#
##≈_.###.#.#.#####..#


There were no monsters in sight!

Vanquished Creatures
  3 gnolls (D:2)
  3 adders
  A dart slug (D:1)
  An orc (D:3)
  4 endoplasms
  A giant cockroach (D:2)
  4 goblins
  8 hobgoblins
  3 jackals (D:3)
  6 kobolds
  A quokka (D:1)
  5 ball pythons
  4 bats
  4 frilled lizards (D:1)
  3 rats
51 creatures vanquished.

Notes
Turn   | Place    | Note
-------+----------+-------------------------------------------
     0 | D:1      | r3xj the Minotaur Fighter began the quest for the Orb.
     0 | D:1      | Reached XP level 1. HP: 19/19 MP: 0/0
     6 | D:1      | Noticed a killer bee
     6 | D:1      | Noticed a water moccasin
     7 | D:1      | Noticed a black bear
     7 | D:1      | Noticed a swamp drake
   137 | D:1      | Found Iloviliw's General Store.
   184 | D:1      | Reached XP level 2. HP: 27/27 MP: 1/1
   235 | D:1      | Found Qiraw's Weapon Emporium.
   666 | D:1      | Reached XP level 3. HP: 29/33 MP: 2/2
   772 | D:1      | Found a faded altar of an unknown god.
  1331 | D:2      | Reached XP level 4. HP: 31/41 MP: 3/3
  2093 | D:3      | Found Zietaodd's Weapon Emporium.
  2099 | D:3      | Found a shimmering altar of Xom.
  2099 | D:3      | Found a shimmering altar of Xom.
  2099 | D:3      | Found a shimmering altar of Xom.
  2102 | D:3      | Found a shimmering altar of Xom.
  2102 | D:3      | Found a shimmering altar of Xom.
  2103 | D:3      | Found a shimmering altar of Xom.
  2105 | D:3      | Noticed Sigmund
  2123 | D:3      | Killed from afar by Sigmund

Illustrated notes

Levels and vault maps discovered:
D:1:      onia_arrival_zoo_common, layout_loops_cross,
          shapermc_ecumenical_altar_mp_vishouse, serial_shops,
          nicolae_shop_statue_plus, nicolae_shop_bloodbath_and_beyond,
          minmay_nonomino_d4
D:2:      layout_basic, patterned_corridor
D:3:      layout_loops_ring, amcnicky_altar_gilded, xom_redecorated,
          lemuel_tele_altar, serial_shops, shop, nicolae_shop_hallway_stairs,
          shop_fountains, uniq_terence, uniq_grinder, uniq_sigmund

Skill      XL: |  1  2 |
---------------+-------+-----
Fighting       | 4 |  4.5
Shields        | 4 |  4.4
Armour         | 4 |  4.6
Axes           | 3 |  3.5
Maces & Flails | |  0.6

Action                   |  1- 3 |  4- 6 || total
-------------------------+-------+-------++-------
Melee: War axe           |    81 |    22 ||   103
       Headbutt          |     9 |     4 ||    13
       Whip              |       |    23 ||    23
Armor: Scale mail        |    39 |    18 ||    57
Dodge: Dodged            |    43 |     9 ||    52
Block: Buckler           |    19 |     5 ||    24

Table legend: (Time is in decaauts)
 A = Elapsed time spent in this place.
 B = Non-inter-level travel time spent in this place.
 C = Inter-level travel time spent in this place.
 D = Time resting spent in this place.
 E = Time spent auto-exploring this place.
 F = Levels seen in this place.
 G = Mean time per level.
                   A        B        C        D        E       F      G
               +--------+--------+--------+--------+--------+-----+--------+
         Total |   2157 |   1998 |    159 |      0 |   1674 |   3 |  719.0 |
       Dungeon |   2157 |   1998 |    159 |      0 |   1674 |   3 |  719.0 |
               +--------+--------+--------+--------+--------+-----+--------+

Top non-repeatable levels by time:
     D:2: 1047 daAuts
     D:1: 1035 daAuts
     D:3: 74 daAuts
